 Dungeon Crawl Stone Soup version 0.17.0-1-g61d176b (webtiles) character file.

485904 HaroldButt the Bludgeoner (level 23, -14/192 HPs)
             Began as a Demonspawn Berserker on Nov 7, 2015.
             Was the Champion of Trog.
             Shot with a bolt by a yaktaur captain (15 damage)
             ... on level 5 of the Vaults.
             The game lasted 04:36:56 (64772 turns).

HaroldButt the Bludgeoner (Demonspawn Berserker)   Turns: 64772, Time: 04:36:57

Health: -14/192    AC: 34    Str: 22    XL:     23   Next: 79%
Magic:  0/23       EV: 16    Int:  9    God:    Trog [******]
Gold:   1636       SH:  0    Dex: 24    Spells: 0 memorised, 22 levels left

rFire  + + .     SeeInvis .     F - +9 great mace (vamp)
rCold  + + +     Clarity  +     i - +4 gold dragon armour
rNeg   . . .     SustAt   .     (shield currently unavailable)
rPois  +         Gourm    .     (helmet unavailable)
rElec  +         Spirit   +     S - +1 cloak of the Country {*Corrode rElec MR+ Regen+}
rCorr  .         Warding  .     o - +2 pair of gloves
rMut   .         Stasis   .     s - +1 pair of boots {Stlth+}
MR     ++++.                    k - amulet of Doiclall {Clar rElec rPois Stlth+}
Stlth  ..........               Y - ring "Sicraoc" {rC+ Dex+6}
                                L - ring of Torr {rElec rF+}

@: corroded equipment, very slightly contaminated, regenerating, incredibly
resistant to hostile enchantments, extremely unstealthy
A: horns 3, slimy green scales 3, cold resistance 1, magic shield, magic
regeneration, magic link, freezing cloud immunity
a: Berserk, Trog's Hand, Brothers in Arms, Burn Spellbooks, Renounce Religion
}: 2/15 runes: decaying, serpentine


You were on level 5 of the Vaults.
You worshipped Trog.
Trog was exalted by your worship.
You were very full.

You visited 7 branches of the dungeon, and saw 45 of its levels.
You also visited: Volcano.

You collected 5825 gold pieces.
You spent 4189 gold pieces at shops.

Inventory:

Hand Weapons
 m - a +4 demon whip of flaming
 F - a +9 vampiric great mace (weapon)
 Q - a +6 blowgun
Missiles
 d - 10 curare-tipped needles
 j - 11 silver javelins (quivered)
Armour
 i - a +4 gold dragon armour (worn)
 o - a +2 pair of gloves (worn)
 s - a +1 pair of boots of stealth (worn)
 v - a +0 shield of reflection
 S - the +1 cloak of the Country (worn) {*Corrode rElec MR+ Regen+}
   (You acquired it on level 4 of the Vaults)

   It insulates you from electricity.
   It affects your resistance to hostile enchantments.
   It increases your rate of regeneration.
   It may corrode your equipment when you take damage.
Jewellery
 b - a cursed amulet of inaccuracy {unknown}
 e - an uncursed amulet of resist mutation
 k - the amulet of Doiclall (around neck) {Clar rElec rPois Stlth+}
   (You bought it in a shop on level 14 of the Dungeon)

   [amulet of clarity]

   It provides mental clarity.
   It insulates you from electricity.
   It protects you from poison.
   It makes you more stealthy.
 q - a +5 ring of intelligence
 w - an uncursed amulet of resist corrosion
 y - the ring "Hagamn" {MR+ EV+3 Str-2 Int+3}
   (You bought it in a shop on level 10 of the Dungeon)

   [ring of evasion]

   It affects your evasion (+3).
   It affects your strength (-2).
   It affects your intelligence (+3).
   It affects your resistance to hostile enchantments.
 L - the ring of Torr (left hand) {rElec rF+}
   (You took it off a boggart on level 2 of the Vaults)

   [ring of protection from fire]

   It protects you from fire.
   It insulates you from electricity.
 N - an uncursed ring of sustain attributes
 Y - the ring "Sicraoc" (right hand) {rC+ Dex+6}
   (You bought it in a shop on level 10 of the Dungeon)

   [ring of protection from cold]

   It affects your dexterity (+6).
   It protects you from cold.
Wands
 R - a wand of digging (7)
 U - a wand of heal wounds (2)
 V - a wand of teleportation (2)
 X - a wand of disintegration (5)
 Z - a wand of disintegration (6)
Scrolls
 h - a scroll of immolation
 p - 3 scrolls of enchant weapon
 r - 7 scrolls of magic mapping
 x - a scroll of silence
 z - a scroll of identify
 B - 3 scrolls of teleportation
 C - a scroll of summoning
 D - 2 scrolls of fear
 G - 21 scrolls of remove curse
 M - 3 scrolls of recharging
 T - 3 scrolls of blinking
Potions
 a - a potion of cancellation
 f - 3 potions of flight
 l - 6 potions of invisibility
 n - 7 potions of heal wounds
 t - 4 potions of haste
 u - 7 potions of might
 A - 6 potions of brilliance
 H - 2 potions of berserk rage
 I - 4 potions of resistance
 J - a potion of magic
 K - 4 potions of agility
 W - 11 potions of curing
Comestibles
 c - 27 bread rations
 g - 6 meat rations


   Skills:
 + Level 18.4 Fighting
 - Level 20.0 Maces & Flails
 + Level 11.5 Throwing
 + Level 17.0 Armour
 + Level 16.9 Dodging
 + Level 10.2 Shields


You had 22 spell levels left.
You didn't know any spells.

Dungeon Overview and Level Annotations

Branches:
Dungeon (15/15)            Temple (0/1) D:5            Lair (8/8) D:10
  Swamp (4/4) Lair:5        Snake (4/4) Lair:4        Slime (0/6) Lair:6
    Orc (4/4) D:11            Elf (0/3) Orc:3        Vaults (5/5) D:14
  Crypt (0/3) Vaults:3     Depths (5/5) D:15            Zot (0/5) Depths:5

Altars:
Ashenzari
Elyvilon
Gozag
Kikubaaqudgha
Nemelex Xobeh
Okawaru
Qazlal
Trog
Vehumet
Zin
The Shining One
Beogh
Jiyva

Shops:
D:4 =   D:8 %   D:10 =   D:14 ??!=   D:15 [   Orc:4 [([:   Snake:2 *}
Snake:3 [   Vaults:1 !(!   Vaults:4 ?   Depths:3 *

Portals:
Hell: Depths:1 Depths:2 Depths:3 Depths:4 Depths:5
Abyss: Depths:1 Depths:4 Depths:5
Pandemonium: Depths:3
Ziggurat: Depths:3
Trove: Vaults:3 (give 8 potions of haste)

Annotations:
D:14 1 runed door, 1 exclusion
Lair:8 1 runed door


Innate Abilities, Weirdness & Mutations

You have a pair of large horns on your head.
You are completely covered in slimy green scales (AC +4, rPois).
Your flesh is cold resistant.
When hurt, damage is shared between your health and your magic reserves.
You regenerate magic rapidly.
When low on magic, you restore magic in place of health.
You are immune to freezing clouds.


Message History

Your iron troll goes berserk!
You feel somewhat less full. The yaktaur captain misses you.
The yaktaur unwields an uncursed arbalest.
The yaktaur hits you but does no damage.
The vault warden hits you from afar with a halberd!!
* * * LOW HITPOINT WARNING * * *
The vault warden misses you.
The tengu reaver hits you with a great sword!
* * * LOW HITPOINT WARNING * * *
The tengu reaver pecks you but does no damage.
The tengu reaver closely misses you. The yaktaur closely misses you.
The orc warrior hits you but does no damage.
Read which item? (? for menu, Esc to quit)
Blink to where?
Press: ? - help, Dir - move target cursor You are very lightly contaminated with residual magic.
As you read the scroll of blinking, it crumbles to dust.
The yaktaur captain wields an uncursed arbalest.
The yaktaur captain shoots a bolt.
The bolt hits you!!
You die...

#.#.# #..#
#.#.##..# #.#.#T(#
#.#pc.# #.§cp#
#.coQ.#
###########....*.#
.................#
.......@.........#
##################


You could see a yaktaur captain and an orc warrior.

Vanquished Creatures
  Mara (Depths:1)
  the Lernaean hydra (Swamp:4)
  The ghost of WhatIsLove the Executioner, a veteran FoFi of Makhleb (Vaults:4)
  Norris (Vaults:3)
  Saint Roka (Depths:4)
  2 golden dragons
  Jory (Depths:4)
  A tentacled monstrosity (Depths:4)
  Asterion (Vaults:2)
  2 sphinxes
  3 octopode crushers (Depths:2)
  3 tengu reavers
  4 thorn hunters (Swamp:3)
  2 shadow dragons
  4 storm dragons
  An ancient champion (Vaults:3)
  3 fire giants
  Wiglaf (Depths:3)
  12 greater nagas (Snake:4)
  Donald (Vaults:3)
  Maud (Lair:7)
  A draconian knight (Depths:5)
  A deep elf sorcerer (Vaults:4)
  8 vault wardens
  4 iron dragons (Depths:1)
  A balrug (Depths:4)
  9 frost giants
  Aizul (Vaults:1)
  A draconian shifter (Depths:5)
  An orc warlord (Orc:4)
  A spriggan defender (Depths:2)
  7 ironheart preservers
  A draconian annihilator (Depths:5)
  17 stone giants
  A war gargoyle (Vaults:5)
  A green draconian (Depths:5)
  8 very ugly things
  A vampire knight (Depths:3)
  Nessos (Lair:6)
  A purple draconian (Depths:5)
  2 red draconians (Depths:5)
  2 salamander stormcallers
  A yellow draconian (Depths:5)
  9 ettins
  A white draconian (Depths:5)
  A deep elf death mage (Vaults:2)
  7 fire dragons
  28 vault guards
  8 great orbs of eyes
  3 jiangshi (Depths:4)
  A fire dragon (shapeshifter) (Vaults:4)
  16 yaktaur captains
  9 entropy weavers
  24 hydras
  16 naga warriors
  3 ice dragons
  A hell beast (Depths:5)
  7 spriggan air magi
  3 rakshasas
  2 ghost crabs
  Erica (D:9)
  4 alligators
  12 ogre magi
  11 centaur warriors
  2 vampire magi
  8 anacondas
  3 spriggan berserkers
  4 tengu warriors
  7 deep troll earth magi
  An orc high priest (Orc:4)
  9 death yaks
  7 deep troll shamans
  A catoblepas (Lair:7)
  5 naga sharpshooters
  2 soul eaters
  6 shock serpents
  4 unseen horrors
  5 skeletal warriors (D:15)
  3 flayed ghosts
  7 hell knights (Depths:2)
  2 iron trolls (Depths:5)
  19 deep trolls
  11 naga ritualists
  2 shadow wraiths (Vaults:2)
  A deep elf knight (Vaults:5)
  A fire crab (Vaults:5)
  A spriggan druid (Swamp:4)
  A death drake (shapeshifter) (Vaults:5)
  A shadow demon (Depths:3)
  2 shambling mangroves
  8 swamp dragons
  An orange crystal statue (Vaults:1)
  2 giant orange brains
  15 ironbrand convokers
  3 necromancers
  A swamp dragon (shapeshifter) (Vaults:3)
  A deep elf summoner (Vaults:4)
  5 orc sorcerers
  15 mana vipers
  A phantasmal warrior (Vaults:2)
  A wolf spider zombie (D:13)
  A stone giant zombie (Vaults:4)
  4 wolf spiders
  13 orc knights
  73 ugly things
  9 griffons
  3 lindwurms (Lair:8)
  4 hill giants
  4 deep elf conjurers
  A shadow dragon skeleton (Depths:5)
  2 cyclopes
  An oklob plant (Lair:1)
  2 manticores
  A manticore (shapeshifter) (Vaults:2)
  12 salamanders
  11 wizards
  A salamander (shapeshifter) (D:13)
  4 sixfirhies (Depths:2)
  An elephant (shapeshifter) (Vaults:2)
  3 hornets
  3 centaur zombies
  14 guardian serpents
  6 torpor snails (Lair:8)
  2 smoke demons (Depths:2)
  9 elephants
  7 rust devils
  12 vault sentinels
  10 naga magi
  A molten gargoyle (Volcano)
  An eye of devastation (shapeshifter) (Depths:5)
  A gargoyle (D:14)
  52 black mambas
  14 spiny frogs
  6 komodo dragons
  2 orange demons
  A tormentor (Depths:2)
  4 tengu conjurers
  A komodo dragon (shapeshifter) (Depths:2)
  5 blue devils (Depths:2)
  2 efreet
  A yaktaur skeleton (Vaults:4)
  7 fire drakes
  4 red devils
  6 deep elf priests
  A troll (shapeshifter) (Vaults:4)
  A fire drake (shapeshifter) (Vaults:3)
  54 yaktaurs
  4 kobold demonologists
  A merfolk (D:15)
  8 trolls
  2 hellwings
  2 polar bears
  6 freezing wraiths
  27 two-headed ogres
  A two-headed ogre (shapeshifter) (Depths:4)
  11 giant leeches
  6 jumping spiders
  9 boulder beetles
  A harpy skeleton (D:15)
  A raiju (shapeshifter) (Vaults:2)
  12 slime creatures
  3 bog bodies
  14 blink frogs
  2 slime creatures (shapeshifter)
  A trapdoor spider zombie (D:9)
  2 shadows
  6 wraiths
  12 air elementals
  5 tarantellas
  10 deep elf magi
  A snapping turtle (shapeshifter) (Vaults:2)
  A trapdoor spider (shapeshifter) (Depths:1)
  9 water elementals (Depths:2)
  59 yaks
  6 deep elf fighters
  24 redbacks
  20 humans (D:14)
  A spriggan simulacrum (Depths:5)
  5 spriggans
  5 basilisks
  A hog (shapeshifter) (Vaults:3)
  4 fire bats
  A golden eye (shapeshifter) (D:14)
  30 vampire mosquitoes
  A hungry ghost (D:14)
  12 wargs
  A human simulacrum (Vaults:2)
  11 hippogriffs
  11 wolves
  22 swamp worms
  A hippogriff (shapeshifter) (Depths:4)
  43 nagas
  4 neqoxecs (Depths:2)
  A soldier ant (D:12)
  6 insubstantial wisps (Swamp:3)
  59 orc warriors
  4 sky beasts
  21 water moccasins
  2 mottled dragons
  A deep troll skeleton (Vaults:4)
  9 swamp drakes
  6 porcupines
  45 ogres
  5 ice beasts
  2 black bears
  An eye of draining (D:14)
  14 wasps
  11 boggarts
  4 phantoms
  2 ogres (shapeshifter)
  19 centaurs
  4 big kobolds
  14 crocodiles
  A necrophage (D:13)
  An elf simulacrum (Vaults:4)
  4 brain worms (Lair:8)
  A big kobold (shapeshifter) (D:15)
  26 giant frogs
  A wyvern zombie (D:14)
  A wyvern skeleton (D:14)
  17 wights
  An elf zombie (Vaults:4)
  4 scorpions
  2 electric eels (Lair:8)
  10 killer bees
  4 quasits
  13 crimson imps
  2 giant frog zombies
  2 jellies
  5 hounds
  Crazy Yiuf (D:3)
  16 iguanas
  3 giant frog skeletons
  7 lava snakes
  38 orc wizards
  A centaur skeleton (D:4)
  42 orc priests
  25 sheep
  10 worker ants
  A hound zombie (D:11)
  A hound skeleton (D:4)
  A worker ant zombie (D:8)
  Robin (D:3)
  14 adders
  8 gnolls
  50 river rats
  5 shadow imps
  An ooze (D:1)
  21 worms
  3 giant geckos
  204 orcs
  7 bats
  8 giant cockroaches
  9 hobgoblins
  10 jackals
  9 quokkas
  A giant gecko skeleton (D:4)
  8 giant newts
  21 goblins
  A jackal skeleton (D:5)
  29 kobolds
  2 quokka skeletons
  10 rats
  10 briar patches (Swamp:3)
  3 fungi
  4 plants (Lair:8)
2159 creatures vanquished.

Vanquished Creatures (collateral kills)
  A greater naga (Snake:4)
  A fire giant (Vaults:4)
  An ettin (Vaults:4)
  An eidolon (Vaults:3)
  An ogre mage (Vaults:3)
  An entropy weaver (Vaults:4)
  2 centaur warriors
  An anaconda (Snake:4)
  Sonja (Lair:4)
  A spriggan druid (Swamp:4)
  2 guardian serpents (Snake:4)
  2 black mambas (Snake:4)
  A molten gargoyle (Volcano)
  3 yaktaurs (Volcano)
  A deep elf priest (Vaults:3)
  A giant leech (Swamp:4)
  3 two-headed ogres (Vaults:3)
  A redback (Vaults:4)
  A spriggan (Swamp:4)
  3 nagas (Snake:4)
  A porcupine (Lair:4)
  A swamp drake (Swamp:4)
  2 boggarts (Vaults:3)
  5 ogres
  A centaur (Volcano)
  An orc (Vaults:3)
40 creatures vanquished.

Vanquished Creatures (others)
  A tengu reaver (Vaults:5)
  A deep elf annihilator (Vaults:5)
  An ogre mage (Depths:4)
  A shadow wraith (Vaults:4)
  A mana viper (Snake:4)
  A torpor snail (Lair:8)
  A yaktaur (Vaults:4)
  An orc warrior (Vaults:3)
  A boggart (Depths:2)
  An ogre (Vaults:4)
  An orc priest (Orc:4)
  An orc wizard (Depths:4)
  A quokka (D:8)
  A kobold (Vaults:1)
  3 briar patches
  2 bushes (Lair:8)
  29 fungi
  50 plants
98 creatures vanquished.

Grand Total: 2297 creatures vanquished

Notes
Turn   | Place    | Note
--------------------------------------------------------------
     0 | D:1      | HaroldButt the Demonspawn Berserker began the quest for the Orb.
     0 | D:1      | Reached XP level 1. HP: 18/18 MP: 1/1
   267 | D:1      | Gained mutation: You are partially covered in slimy green scales (AC +2). [demonic ancestry]
   267 | D:1      | Reached XP level 2. HP: 24/24 MP: 2/2
   538 | D:1      | Reached ** piety under Trog
   607 | D:1      | Gained mutation: You are mostly covered in slimy green scales (AC +3). [demonic ancestry]
   607 | D:1      | Reached XP level 3. HP: 25/29 MP: 3/3
  1034 | D:2      | Reached skill level 4 in Maces & Flails
  1299 | D:2      | Reached XP level 4. HP: 35/35 MP: 4/4
  1310 | D:2      | Reached *** piety under Trog
  1588 | D:2      | Found a bloodstained altar of Trog.
  1760 | D:3      | Noticed Robin
  1776 | D:3      | Killed Robin
  1981 | D:3      | Found a faded altar to an unknown god.
  2051 | D:3      | Noticed Crazy Yiuf
  2057 | D:3      | Killed Crazy Yiuf
  2057 | D:3      | Reached skill level 5 in Maces & Flails
  2057 | D:3      | Gained mutation: When hurt, damage is shared between your health and your magic reserves. [demonic ancestry]
  2057 | D:3      | Reached XP level 5. HP: 41/41 MP: 5/5
  2445 | D:3      | Found a sparkling altar of Nemelex Xobeh.
  2490 | D:4      | Noticed an ogre
  2502 | D:4      | Killed an ogre
  2502 | D:4      | Reached skill level 6 in Maces & Flails
  2504 | D:4      | Reached XP level 6. HP: 47/47 MP: 6/6
  2590 | D:4      | Found Upsucuna's Jewellery Shoppe.
  2696 | D:4      | Found an iron altar of Okawaru.
  3115 | D:4      | Identified the Reference Book on Confrontation and Ignition
  3466 | D:5      | Entered Level 5 of the Dungeon
  3490 | D:5      | Reached skill level 7 in Maces & Flails
  3490 | D:5      | Reached XP level 7. HP: 44/52 MP: 7/7
  3810 | D:5      | Found a radiant altar of Vehumet.
  3981 | D:5      | Reached skill level 8 in Maces & Flails
  4123 | D:5      | Reached **** piety under Trog
  4354 | D:5      | Found a staircase to the Ecumenical Temple.
  4594 | D:5      | Reached skill level 9 in Maces & Flails
  4594 | D:5      | Reached XP level 8. HP: 24/58 MP: 8/8
  5273 | D:6      | Received a gift from Trog
  6198 | D:7      | Reached XP level 9. HP: 54/66 MP: 9/9
  6490 | D:7      | Reached skill level 5 in Fighting
  7182 | D:7      | Reached skill level 10 in Maces & Flails
  7443 | D:8      | Found a stormy altar of Qazlal.
  7507 | D:8      | Reached skill level 5 in Dodging
  7533 | D:8      | Reached ***** piety under Trog
  7533 | D:8      | Received a gift from Trog
  7539 | D:8      | Reached skill level 5 in Armour
  7600 | D:8      | Found a white marble altar of Elyvilon.
  7649 | D:8      | Found an ancient bone altar of Kikubaaqudgha.
  7737 | D:8      | Found Lyptov's Food Boutique.
  7967 | D:8      | Reached XP level 10. HP: 59/76 MP: 10/10
  8436 | D:9      | Noticed Erica
  8462 | D:9      | Killed Erica
  8835 | D:9      | Found an opulent altar of Gozag.
  9213 | D:9      | Found a glowing golden altar of the Shining One.
  9408 | D:10     | Entered Level 10 of the Dungeon
  9418 | D:10     | Found Tuoq's Jewellery Emporium.
  9581 | D:10     | Found a staircase to the Lair.
 10184 | Lair:1   | Entered Level 1 of the Lair of Beasts
 10241 | Lair:1   | Noticed an oklob plant
 10843 | Lair:1   | Received a gift from Trog
 10909 | Lair:2   | Reached skill level 11 in Maces & Flails
 10918 | Lair:2   | Gained mutation: You have a pair of small horns on your head. [demonic ancestry]
 10918 | Lair:2   | Reached XP level 11. HP: 79/86 MP: 9/11
 11020 | Lair:2   | Reached ****** piety under Trog
 11860 | Lair:2   | Noticed a black mamba
 11865 | Lair:2   | Killed a black mamba
 12141 | Lair:3   | Found a dark tunnel.
 12158 | Volcano  | Entered a volcano
 12433 | Volcano  | Found a burning altar of Makhleb.
 12433 | Volcano  | Noticed a centaur warrior
 12436 | Volcano  | Killed a centaur warrior
 12772 | Lair:3   | Noticed Sonja
 13539 | Lair:4   | Killed Sonja
 13809 | Lair:4   | Reached XP level 12. HP: 95/95 MP: 7/12
 13985 | Lair:4   | Noticed a death yak
 13997 | Lair:4   | Noticed a death yak
 13999 | Lair:4   | Noticed a death yak
 14025 | Lair:4   | Killed a death yak
 14031 | Lair:4   | Killed a death yak
 14035 | Lair:4   | Killed a death yak
 14276 | Lair:4   | Found a staircase to the Snake Pit.
 14324 | Lair:4   | Received a gift from Trog
 14444 | Lair:4   | Reached skill level 12 in Maces & Flails
 14819 | Lair:5   | Found a staircase to the Swamp.
 14860 | Lair:5   | Noticed a five-headed hydra
 14875 | Lair:5   | Killed a five-headed hydra
 14880 | Lair:5   | Reached skill level 10 in Fighting
 15508 | Lair:5   | Noticed a five-headed hydra
 15508 | Lair:5   | Noticed a four-headed hydra
 15569 | Lair:5   | Killed a four-headed hydra
 15573 | Lair:5   | Killed a five-headed hydra
 16257 | Lair:6   | Noticed Nessos
 16273 | Lair:7   | Noticed Maud
 16374 | Lair:7   | Killed Maud
 16447 | Lair:7   | Reached XP level 13. HP: 61/104 MP: 13/13
 16708 | Lair:7   | Noticed a six-headed hydra
 16719 | Lair:7   | Killed a six-headed hydra
 16874 | Lair:7   | Noticed a catoblepas
 16967 | Lair:6   | Killed Nessos
 16967 | Lair:6   | Reached skill level 10 in Armour
 17245 | Lair:6   | Found a viscous altar of Jiyva.
 17246 | Lair:6   | Found a staircase to the Slime Pits.
 17637 | Lair:7   | Killed a catoblepas
 17675 | Lair:7   | Received a gift from Trog
 17909 | Lair:7   | Reached skill level 10 in Dodging
 17928 | Lair:7   | Reached skill level 13 in Maces & Flails
 19162 | D:11     | Found a staircase to the Orcish Mines.
 19267 | D:11     | Found a shattered altar of Ashenzari.
 19271 | D:11     | Saw a vision of the Swamp and the Snake Pit.
 19341 | D:11     | Reached skill level 14 in Maces & Flails
 19458 | Orc:1    | Entered Level 1 of the Orcish Mines
 19470 | Orc:1    | Received a gift from Trog
 19774 | Orc:3    | Found a staircase to the Elven Halls.
 20267 | Orc:2    | Received a gift from Trog
 21285 | Orc:1    | Found a roughly hewn altar of Beogh.
 21401 | Orc:4    | Entered Level 4 of the Orcish Mines
 21430 | Orc:4    | Found a roughly hewn altar of Beogh.
 21477 | Orc:4    | Found a roughly hewn altar of Beogh.
 21512 | Orc:4    | Found a roughly hewn altar of Beogh.
 21695 | Orc:4    | Found a roughly hewn altar of Beogh.
 21695 | Orc:4    | Found Zucol Rowy's Book Boutique.
 21719 | Orc:4    | Gained mutation: You regenerate magic rapidly. [demonic ancestry]
 21719 | Orc:4    | Reached XP level 14. HP: 25/113 MP: 5/14
 22257 | Orc:4    | Found a roughly hewn altar of Beogh.
 22286 | Orc:4    | Found Opuwygo's Antique Armour Shoppe.
 22321 | Orc:4    | Bought an ichor-stained chain mail for 275 gold pieces
 22344 | Orc:4    | Identified the +2 chain mail of Altruism {*Corrode rPois Stlth+} (You bought it in a shop on level 4 of the Orcish Mines)
 22393 | Orc:4    | Found a roughly hewn altar of Beogh.
 22628 | Orc:4    | Received a gift from Trog
 22650 | Orc:4    | Noticed an orc warlord
 22677 | Orc:4    | Killed an orc warlord
 22726 | Orc:4    | Reached skill level 15 in Maces & Flails
 22839 | Orc:4    | Found Ijogobb's Antique Weapon Shop.
 22840 | Orc:4    | Found a roughly hewn altar of Beogh.
 22844 | Orc:4    | Found Utor's Antique Armour Boutique.
 22851 | Orc:4    | Bought a slimy cloak for 332 gold pieces
 22851 | Orc:4    | Bought a distressingly furry chain mail for 332 gold pieces
 22870 | Orc:4    | Identified the cursed +0 cloak "Noclaoz" {Dex+4} (You bought it in a shop on level 4 of the Orcish Mines)
 22880 | Orc:4    | Identified the cursed +1 chain mail "Risom" {rF+++ rN+ MP+9 Str-5} (You bought it in a shop on level 4 of the Orcish Mines)
 23296 | Lair:8   | Entered Level 8 of the Lair of Beasts
 23647 | Lair:8   | Received a gift from Trog
 24594 | Lair:8   | Reached skill level 16 in Maces & Flails
 25086 | Lair:8   | Received a gift from Trog
 25712 | Lair:8   | Found a runed door.
 27118 | D:12     | Reached skill level 17 in Maces & Flails
 27125 | D:12     | Received a gift from Trog
 27779 | D:12     | Reached XP level 15. HP: 111/119 MP: 15/15
 27968 | D:12     | Identified the Almanac of Sharkskin
 28563 | D:13     | Received a gift from Trog
 29018 | D:14     | Reached skill level 18 in Maces & Flails
 29062 | D:14     | Found a glowing golden altar of the Shining One.
 29062 | D:14     | Found a runed door.
 29482 | D:14     | Found a gate to the Vaults.
 29576 | D:14     | Found Couteol's Jewellery Shoppe.
 29605 | D:14     | Found a glowing silver altar of Zin.
 29616 | D:14     | Bought the amulet of Doiclall {Clar rElec rPois Stlth+} for 615 gold pieces
 29930 | D:14     | Received a gift from Trog
 29946 | D:14     | Found Giam's Magic Scroll Emporium.
 29951 | D:14     | Bought a scroll of identify for 32 gold pieces
 30150 | D:14     | Found a white marble altar of Elyvilon.
 30218 | D:14     | Found Piarroax's Distillery.
 30241 | D:14     | Found Keto Dua's Magic Scroll Emporium.
 30245 | D:14     | Bought a scroll of summoning for 104 gold pieces
 30245 | D:14     | Bought a scroll of holy word for 82 gold pieces
 30295 | D:15     | Entered Level 15 of the Dungeon
 30409 | D:15     | Reached skill level 19 in Maces & Flails
 30695 | D:15     | Found a staircase to the Depths.
 31232 | D:15     | Found Yruoff's Armour Boutique.
 31719 | Swamp:1  | Entered Level 1 of the Swamp
 31780 | Swamp:1  | Received a gift from Trog
 32409 | Swamp:1  | Gained mutation: You are completely covered in slimy green scales (AC +4, rPois). [demonic ancestry]
 32409 | Swamp:1  | Reached XP level 16. HP: 112/125 MP: 14/16
 33831 | Swamp:2  | You fall through a shaft!
 33888 | Swamp:3  | Reached skill level 20 in Maces & Flails
 34144 | Swamp:3  | Reached skill level 1 in Throwing
 34831 | Swamp:3  | Received a gift from Trog
 35174 | Swamp:4  | Entered Level 4 of the Swamp
 35237 | Swamp:4  | Received a gift from Trog
 36813 | Swamp:4  | Noticed the 27-headed Lernaean hydra
 36833 | Swamp:4  | Killed the 27-headed Lernaean hydra
 36950 | Swamp:4  | Got a decaying rune of Zot
 37304 | Snake:1  | Entered Level 1 of the Snake Pit
 37813 | Snake:1  | Identified a +0 rod of clouds (9/9) (You found it on level 1 of the Snake Pit)
 37919 | Snake:1  | Reached XP level 17. HP: 84/134 MP: 10/17
 37930 | Snake:1  | Received a gift from Trog
 38684 | Snake:2  | Found Eclo's Gadget Boutique.
 39189 | Snake:2  | Reached skill level 5 in Throwing
 39292 | Snake:2  | Found Fahox's General Store.
 39301 | Snake:2  | Bought a wand of teleportation (3) for 378 gold pieces
 39797 | Snake:3  | Found Yhin Nurgh's Antique Armour Shop.
 39981 | Snake:3  | Received a gift from Trog
 42133 | Snake:4  | Entered Level 4 of the Snake Pit
 43150 | Snake:4  | Received a gift from Trog
 44225 | Snake:4  | Gained mutation: Your flesh is cold resistant. [demonic ancestry]
 44225 | Snake:4  | Reached XP level 18. HP: 91/144 MP: 4/18
 44903 | Snake:4  | Received a gift from Trog
 45480 | Snake:4  | Got a serpentine rune of Zot
 46383 | Snake:4  | Received a gift from Trog
 46936 | Lair:1   | Killed an oklob plant
 47020 | D:10     | Bought the ring "Sicraoc" {rC+ Dex+6} for 579 gold pieces
 47020 | D:10     | Bought the ring "Hagamn" {MR+ EV+3 Str-2 Int+3} for 464 gold pieces
 47184 | Vaults:1 | Entered Level 1 of the Vaults
 47312 | Vaults:1 | Found Kemitic's Distillery.
 47337 | Vaults:1 | Noticed Aizul
 47354 | Vaults:1 | Killed Aizul
 48592 | Vaults:1 | Found Boen's Weapon Emporium.
 48599 | Vaults:1 | Bought 2 javelins of penetration for 100 gold pieces
 48634 | Vaults:1 | Received a gift from Trog
 49216 | Vaults:1 | Found Weesal's Distillery.
 49219 | Vaults:1 | Bought a potion of haste for 140 gold pieces
 49219 | Vaults:1 | Bought a potion of might for 56 gold pieces
 49219 | Vaults:1 | Bought a potion of haste for 140 gold pieces
 50130 | Vaults:2 | Got a fine copper ring
 50138 | Vaults:2 | Identified the ring of Torr {rElec rF+} (You took it off a boggart on level 2 of the Vaults)
 50222 | Vaults:2 | Received a gift from Trog
 50222 | Vaults:2 | Gained mutation: When low on magic, you restore magic in place of health. [demonic ancestry]
 50222 | Vaults:2 | Reached XP level 19. HP: 142/154 MP: 6/19
 50746 | Vaults:2 | Reached skill level 15 in Fighting
 51014 | Vaults:2 | Identified a scroll of acquirement
 51023 | Vaults:2 | Gained mutation: You have large cloven feet. [potion of beneficial mutation]
 51039 | Vaults:2 | You fall through a shaft for 2 floors!
 51057 | Vaults:4 | Noticed WhatIsLove's ghost (veteran FoFi)
 51085 | Vaults:4 | Killed WhatIsLove's ghost
 51375 | Vaults:4 | Received a gift from Trog
 51771 | Vaults:3 | Received a gift from Trog
 51874 | Vaults:4 | Received a gift from Trog
 52603 | Vaults:4 | Received a gift from Trog
 52858 | Vaults:4 | Received a gift from Trog
 53570 | Vaults:4 | Found Daaqooc's Magic Scroll Boutique.
 53600 | Vaults:4 | Bought a scroll of blinking for 112 gold pieces
 53600 | Vaults:4 | Bought a scroll of silence for 112 gold pieces
 53850 | Vaults:4 | Got a faintly glowing cloak
 53862 | Vaults:4 | Identified the +1 cloak of the Country {*Corrode rElec MR+ Regen+} (You acquired it on level 4 of the Vaults)
 54253 | Vaults:4 | Reached XP level 20. HP: 164/164 MP: 6/20
 54672 | Vaults:3 | Got a dazzling flail
 54673 | Vaults:3 | Identified the +7 flail of the Pit {crush, MP+9} (You found it on level 3 of the Vaults)
 54695 | Vaults:3 | Received a gift from Trog
 54726 | Vaults:3 | Identified Huliwoask's Handbook of Icy Enchantment (You found it on level 3 of the Vaults)
 54923 | Vaults:3 | Found a portal to a secret trove of treasure.
 54948 | Vaults:3 | Noticed Donald
 54955 | Vaults:3 | Noticed Norris
 54964 | Vaults:3 | Killed Donald
 54980 | Vaults:3 | Killed Norris
 54980 | Vaults:3 | Reached skill level 15 in Armour
 54980 | Vaults:3 | Reached skill level 15 in Dodging
 55292 | Vaults:3 | Reached skill level 1 in Shields
 55615 | Vaults:3 | Received a gift from Trog
 55751 | Vaults:3 | Found a staircase to the Crypt.
 56354 | Vaults:3 | Received a gift from Trog
 56619 | Vaults:2 | Identified a +9 rod of inaccuracy (14/14) (You found it on level 2 of the Vaults)
 56633 | Vaults:2 | Noticed Asterion
 56645 | Vaults:2 | Killed Asterion
 56837 | Depths:1 | Entered Level 1 of the Depths
 56837 | Depths:1 | Found a gateway to Hell.
 56916 | Depths:1 | Found a one-way gate to the infinite horrors of the Abyss.
 56986 | Depths:1 | Noticed Mara
 57001 | Depths:1 | Killed Mara
 57019 | Depths:1 | Reached skill level 5 in Shields
 57019 | Depths:1 | Gained mutation: You have a pair of horns on your head. [demonic ancestry]
 57019 | Depths:1 | Reached XP level 21. HP: 172/172 MP: 7/21
 57253 | Depths:1 | You fall through a shaft!
 57586 | Depths:1 | Gained mutation: You can breathe flames. [potion of beneficial mutation]
 58195 | Depths:2 | Got a shimmering ring mail
 58202 | Depths:2 | Identified the +5 ring mail "Vasol" {+Blink Regen+ Int+2 Dex-3} (You found it on level 2 of the Depths)
 58245 | Depths:2 | Received a gift from Trog
 58632 | Depths:2 | Got a slimy morningstar
 58635 | Depths:2 | Identified the +5 morningstar of Nemelex Xobeh's Fury {flame, +Fly Str+3 Stlth+} (You found it on level 2 of the Depths)
 58774 | Depths:2 | Gained mutation: You occasionally shout uncontrollably at your foes. [a neqoxec]
 58792 | Depths:2 | Gained mutation: You are immune to freezing clouds. [demonic ancestry]
 58792 | Depths:2 | Reached XP level 22. HP: 164/181 MP: 19/22
 59110 | Depths:2 | Lost mutation: You have large cloven feet. [potion of cure mutation]
 59110 | Depths:2 | Lost mutation: You can breathe flames. [potion of cure mutation]
 59110 | Depths:2 | Lost mutation: You occasionally shout uncontrollably at your foes. [potion of cure mutation]
 59349 | Depths:2 | Received a gift from Trog
 59797 | Depths:2 | Got a scintillating marble ring
 59987 | Depths:3 | Noticed Wiglaf
 60029 | Depths:3 | Found Foteid's Assorted Antiques.
 60059 | Depths:3 | Killed Wiglaf
 60150 | Depths:3 | Bought a scroll of identify for 56 gold pieces
 60150 | Depths:3 | Bought a scroll of teleportation for 84 gold pieces
 60150 | Depths:3 | Bought a marble ring for 140 gold pieces
 60164 | Depths:3 | Identified the ring "Zuzol" {rElec Int+2} (You took it off a hell knight on level 2 of the Depths)
 60608 | Depths:3 | Found a gateway to a ziggurat.
 60738 | Depths:3 | Found a one-way gate leading to the halls of Pandemonium.
 60964 | Depths:4 | Received a gift from Trog
 61093 | Depths:4 | Reached skill level 10 in Throwing
 61715 | Depths:4 | Noticed Saint Roka
 61721 | Depths:4 | Received a gift from Trog
 61779 | Depths:4 | Killed Saint Roka
 62330 | Depths:4 | Noticed Jory
 62460 | Depths:4 | Killed Jory
 62688 | Depths:5 | Entered Level 5 of the Depths
 62831 | Depths:5 | Gained mutation: You have a pair of large horns on your head. [demonic ancestry]
 62831 | Depths:5 | Reached XP level 23. HP: 190/190 MP: 23/23
 63242 | Depths:5 | Received a gift from Trog
 63357 | Depths:5 | Found a white marble altar of Elyvilon.
 63460 | Depths:5 | Found a gate to the Realm of Zot.
 64301 | D:14     | Bought a scroll of immolation for 56 gold pieces
 64520 | Vaults:5 | Entered Level 5 of the Vaults
 64531 | Vaults:5 | Received a gift from Trog
 64532 | Vaults:5 | Reached skill level 10 in Shields
 64541 | Vaults:4 | Received a gift from Trog
 64771 | Vaults:5 | HP: 1/192 [tengu reaver/great sword (10)]
 64772 | Vaults:5 | Shot with a bolt by a yaktaur captain

Action                   |  1- 3 |  4- 6 |  7- 9 | 10-12 | 13-15 | 16-18 | 19-21 | 22-24 || total
-------------------------+-------+-------+-------+-------+-------+-------+-------+-------++-------
Melee: Mace              |   156 |   213 |    72 |       |       |       |       |       ||   441
       Flail             |       |       |   376 |       |       |       |       |       ||   376
       Dire flail        |       |       |   110 |   306 |       |       |       |       ||   416
       Great mace        |       |       |       |   536 |  2052 |  1896 |  1546 |  1355 ||  7385
Throw: Javelin           |       |       |       |       |     2 |     4 |    11 |    19 ||    36
Invok: Berserk           |       |     3 |     6 |     8 |     7 |     9 |     6 |       ||    39
       Trog's Hand       |       |       |     1 |     2 |     2 |     3 |    10 |     3 ||    21
       Brothers in Arms  |       |       |       |     2 |       |     3 |     4 |     3 ||    12
Evoke: Wand              |       |       |       |     1 |     6 |     9 |    23 |     6 ||    45
  Use: Scroll            |     4 |     3 |     6 |    13 |    14 |    14 |    21 |    12 ||    87
       Potion            |       |       |     1 |     2 |     3 |     1 |     8 |     4 ||    19
 Stab: Sleeping          |     2 |       |       |       |       |       |       |       ||     2
       Invisible         |       |       |     2 |       |       |       |       |       ||     2
       Petrified         |       |       |       |       |     4 |       |       |       ||     4
       Petrifying        |       |       |       |       |     1 |       |       |       ||     1
       Distracted        |       |       |       |       |       |     2 |       |       ||     2
  Eat: Chunk             |     2 |     5 |    21 |    26 |    51 |    28 |    21 |     7 ||   161
       Bread ration      |       |     1 |       |       |       |     1 |       |       ||     2
       Royal jelly       |       |       |     1 |       |       |       |       |     1 ||     2
       Pizza             |       |       |       |     2 |     1 |     1 |       |       ||     4
       Beef jerky        |       |       |       |     1 |     2 |     2 |       |       ||     5
       Fruit             |       |       |       |     2 |     4 |     8 |     2 |       ||    16
       Meat ration       |       |       |       |     1 |     1 |     5 |     3 |     4 ||    14
